 Dungeon Crawl Stone Soup version 0.25-a0-690-g234afa5 (webtiles) character file.

Game seed: 17152719914316520547, levelgen mode: deterministic

101 BlueFish the Slasher (level 4, -8/34 HPs)
             Began as a Demonspawn Gladiator on Mar 30, 2020.
             Mangled by Terence
             ... wielding a +1 falchion of electrocution
              (14 damage)
             ... on level 2 of the Dungeon.
             The game lasted 00:08:11 (1735 turns).

BlueFish the Slasher (Demonspawn Gladiator)         Turns: 1735, Time: 00:08:12

Health: -8/34      AC:  8    Str: 15    XL:     4   Next: 48%
Magic:  4/4        EV: 13    Int: 10    God:
Gold:   104        SH:  0    Dex: 14    Spells: 3/3 levels left

rFire    . . .     SeeInvis .   h - +0 mace (protect)
rCold    . . .     Gourm    .   (no shield)
rNeg     . . .     Faith    .   b - +0 leather armour
rPois    .         Spirit   .   c - +0 helmet
rElec    .         Reflect  .   o - +0 cloak
rCorr    .         Harm     .   (no gloves)
MR       .....                  m - +0 pair of boots
Stlth    +.........             (no amulet)
HPRegen  0.11/turn              (no ring)
MPRegen  0.09/turn              (no ring)

@: no status effects
A: slimy green scales 1
a: no special abilities


You were on level 2 of the Dungeon.
You were hungry.

You visited 1 branch of the dungeon, and saw 3 of its levels.

You collected 104 gold pieces.

Inventory:

Hand Weapons
 a - a +0 long sword
 h - a +0 mace of protection (weapon)
Missiles
 d - 3 throwing nets (quivered)
Armour
 b - a +0 leather armour (worn)
 c - a +0 helmet (worn)
 m - a +0 pair of boots (worn)
 o - a +0 cloak (worn)
Scrolls
 e - a scroll of blinking {unknown}
 j - 2 scrolls of identify
 p - a scroll of teleportation {unknown}
Potions
 i - 2 potions of degeneration
 k - 2 potions of curing {unknown}
 l - a potion of flight {unknown}
 n - a potion of stabbing {unknown}
Comestibles
 f - a ration


   Skills:
 * Level 2.4 Fighting
 + Level 4.1 Long Blades
 * Level 0.2 Maces & Flails
 + Level 1.7 Throwing
 + Level 0.7 Armour
 + Level 3.1 Dodging
 + Level 0.1 Stealth


You had 3 spell levels left.
You didn't know any spells.
Your spell library was empty.

Dungeon Overview and Level Annotations

Branches:
Dungeon (3/15)

Altars:

Annotations:
D:2 Terence


Innate Abilities, Weirdness & Mutations

You are partially covered in slimy green scales. (AC +2)


Message History

Terence is moderately wounded.
Terence hits you but does no damage.
There is a stone staircase leading up here.
You hit Terence.
Terence is heavily wounded.
Terence barely misses you. Terence hits you but does no damage.
You barely miss Terence.
Terence is heavily wounded.
Terence hits you but does no damage.
You are electrocuted!!
Ouch! That really hurt!
* * * LOW HITPOINT WARNING * * *
Terence hits you with a +1 falchion of electrocution.
* * * LOW HITPOINT WARNING * * *
You climb upwards.
There is a stone staircase leading down here.
As you read the scroll labeled OHUEXE WOSYUNA, it crumbles to dust.
It is a scroll of identify.
i - 2 potions of degeneration Terence hits you but does no damage.
You are electrocuted!
You die...

.#.##...#.###..######.###########
.#......#.......# ### #
.####.#######...######## #####
............#..........# #....
###...<...####..######.# #.###
#.#.#######......# #.# #.# #.#.#
#.)...#.# #.# #.# ###.#.#
#.##@##.# #.# #.# ......#
#.##.@..# #.######.# .###.###
#.####### #).......# .# #...# #.#
########## .# ###.#####.# ##
#.......# #########


You could see Terence.

Vanquished Creatures
  Jessica (D:2)
  An adder (D:2)
  An ooze (D:2)
  A ball python (D:2)
  7 bats
  4 giant cockroaches
  6 goblins
  9 hobgoblins
  8 jackals
  A quokka (D:2)
  4 frilled lizards (D:1)
  6 kobolds
  7 rats
56 creatures vanquished.

Notes
Turn   | Place    | Note
-------+----------+-------------------------------------------
     0 | D:1      | BlueFish the Demonspawn Gladiator began the quest for the
                  | Orb.
     0 | D:1      | Reached XP level 1. HP: 16/16 MP: 1/1
    69 | D:1      | Reached skill level 3 in Long Blades
    69 | D:1      | Gained mutation: You are partially covered in slimy green
                  | scales. (AC +2) [demonic ancestry]
    69 | D:1      | Reached XP level 2. HP: 21/22 MP: 2/2
   485 | D:1      | Reached XP level 3. HP: 27/27 MP: 3/3
  1191 | D:2      | Reached XP level 4. HP: 31/34 MP: 4/4
  1274 | D:2      | Noticed Jessica
  1288 | D:2      | Killed Jessica
  1288 | D:2      | Reached skill level 4 in Long Blades
  1726 | D:3      | Noticed Terence
  1735 | D:2      | Mangled by Terence

Levels and vault maps discovered:
D:1:      lightli_arrival_flooded_house, layout_loops_ring
D:2:      layout_basic, minmay_splitting_lines, minmay_domino_4, uniq_jessica
D:3:      layout_loops_ring, lemuel_round_altar, okawaru_metal_pillars_1_2,
          uniq_robin, uniq_natasha, uniq_terence

Skill      XL: |  1  2  3  4 |
---------------+-------------+-----
Long Blades    | 3 4 |  4.1
Dodging        | 3 |  3.1
Fighting       | |  2.4
Maces & Flails | |  0.2
Throwing       | |  1.7
Armour         | |  0.7
Stealth        | |  0.1

Action                   |  1- 3 |  4- 6 || total
-------------------------+-------+-------++-------
Melee: Long sword        |   110 |       ||   110
       Mace              |    16 |    24 ||    40
  Use: Scroll            |       |     1 ||     1
 Stab: Distracted        |     2 |       ||     2
  Eat: Chunk             |     1 |     1 ||     2
Armor: Leather armour    |    45 |     8 ||    53
Dodge: Dodged            |    81 |    10 ||    91
       Rpst.: Long sword |    17 |       ||    17

Table legend:
 A = Non-vault XP
 B = Vault XP
 C = Vault XP percentage of total XP
 D = Non-vault monster count
 E = Vault monster count
 F = Vault count percentage of total count
                 A         B        C        D         E       F
            +---------+---------+-------+---------+---------+-------
      Total |      96 |      49 |  33.8 |      51 |       5 |   8.9
            +---------+---------+-------+---------+---------+-------
        D:1 |      49 |       0 |   0.0 |      31 |       0 |   0.0
        D:2 |      47 |      49 |  51.0 |      20 |       5 |  20.0
            +---------+---------+-------+---------+---------+-------
